 Dungeon Crawl Stone Soup version 0.18.1-50-g88ac8fd (webtiles) character file.

3021 Mesmaeker13 the Destroyer (level 9, -7/55 HPs)
             Began as a Gargoyle Conjurer on Sept 25, 2016.
             Was a Believer of Vehumet.
             Mangled by an orc warrior
             ... wielding a +0 battleaxe
              (14 damage)
             ... on level 8 of the Dungeon.
             The game lasted 00:20:15 (6879 turns).

Mesmaeker13 the Destroyer (Gargoyle Conjurer)       Turns: 6879, Time: 00:20:16

Health: -7/55      AC: 11    Str: 12    XL:     9   Next: 85%
Magic:  5/20       EV: 12    Int: 19    God:    Vehumet [**....]
Gold:   481        SH:  0    Dex: 10    Spells: 7 memorised, 4 levels left

rFire  . . .     SeeInvis .     D - +4 quarterstaff (chaos)
rCold  . . .     Gourm    .     s - +2 robe {rN+}
rNeg   + + .     Faith    .     (shield currently unavailable)
rPois  ∞         Spirit   .     (no helmet)
rElec  +         Dismiss  .     o - +0 cloak
rCorr  +         Reflect  .     t - +0 pair of gloves
SustAt .         Harm     .     (no boots)
MR     .....                    (no amulet)
Stlth  ++........               I - ring of resist corrosion
                                j - ring of flight

@: very slightly contaminated, not resistant to hostile enchantments, unstealthy
A: negative energy resistance 1, electricity resistance, unbreathing,
petrification resistance, rot immunity, AC +5
a: Renounce Religion, Evoke Flight


You were on level 8 of the Dungeon.
You worshipped Vehumet.
Vehumet was pleased with you.
You were very hungry.

You visited 2 branches of the dungeon, and saw 9 of its levels.

You collected 481 gold pieces.

Inventory:

Hand Weapons
 D - a +4 quarterstaff of chaos (weapon)
 F - a +3 dagger of venom
Missiles
 w - 2 throwing nets (quivered)
Armour
 o - a +0 cloak (worn)
 s - a +2 robe of positive energy (worn)
 t - a +0 pair of gloves (worn)
Jewellery
 j - a ring of flight (left hand)
 I - a ring of resist corrosion (right hand)
Wands
 p - a wand of iceblast (0/15)
 B - a wand of teleportation (4/9)
 K - a wand of random effects (31/48)
Scrolls
 g - a scroll of enchant weapon
 i - 2 scrolls of recharging
 l - a scroll of immolation
 q - 2 scrolls of teleportation
 u - 2 scrolls of remove curse
 x - a scroll of fog {unknown}
 z - a scroll of noise {unknown}
 A - a scroll of identify
 C - 2 scrolls of amnesia {unknown}
 G - 2 scrolls of brand weapon
 J - a scroll of enchant armour {unknown}
Potions
 a - a potion of cure mutation {unknown}
 e - 3 potions of curing
 f - a potion of resistance {unknown}
 h - 2 potions of heal wounds {unknown}
 m - 2 potions of lignification
 n - 3 potions of brilliance {unknown}
 r - a potion of magic {unknown}
 v - a potion of ambrosia {unknown}
 E - 2 potions of might
 H - a potion of agility {unknown}
 M - a potion of mutation {unknown}
Books
 b - a book of Conjurations

   Spells                             Type                      Level
   a - Magic Dart                     Conjuration                  1
   b - Searing Ray                    Conjuration                  2
   c - Dazzling Spray                 Conjuration/Hexes            3
   d - Fulminant Prism                Conjuration/Hexes            4
   e - Iskenderun's Mystic Blast      Conjuration                  4
   f - Iskenderun's Battlesphere      Conjuration/Charms           5
 y - a Young Poisoner's Handbook

   Spells                             Type                      Level
   a - Sting                          Conjuration/Poison           1
   b - Cure Poison                    Poison                       2
   c - Mephitic Cloud                 Conjuration/Poison/Air       3
   d - Olgreb's Toxic Radiance        Poison                       4
   e - Venom Bolt                     Conjuration/Poison           5
Comestibles
 c - 4 bread rations
 d - 4 meat rations
 k - 5 beef jerkies


   Skills:
 - Level 6.1 Fighting
 - Level 1.5 Dodging
 - Level 2.1 Stealth
 + Level 7.5 Spellcasting
 + Level 9.6 Conjurations
 + Level 4.1 Charms


You had 4 spell levels left.
You knew the following spells:

 Your Spells              Type           Power        Failure   Level  Hunger
a - Magic Dart            Conj           ####         1%          1    None
b - Searing Ray           Conj           #####.       1%          2    None
c - Dazzling Spray        Conj/Hex       ####..       4%          3    #......
d - Sting                 Conj/Pois      ####         1%          1    None
e - Iskenderun's Mystic   Conj           #####...     1%          4    ###....
f - Iskenderun's Battles  Conj/Chrm      ####....     17%         5    #####..
g - Mephitic Cloud        Conj/Pois/Air  ###.....     10%         3    #......


Dungeon Overview and Level Annotations

Branches:
Dungeon (8/15)             Temple (1/1) D:5            Lair (0/8) D:8

Altars:
Ashenzari
Cheibriados
Dithmenos
Elyvilon
Fedhas
Gozag
Kikubaaqudgha
Makhleb
Nemelex Xobeh
Okawaru
Pakellas
Qazlal
Ru
Sif Muna
Trog
Vehumet
Xom
Yredelemnul
Zin


Innate Abilities, Weirdness & Mutations

You are resistant to torment.
Your stone body is resilient (AC +5).
You are immune to poison.
You resist negative energy.
You are resistant to electric shocks.
You can survive without breathing.
You are immune to petrification.
You are immune to rotting.


Message History

You closely miss the orc warrior.
The orc warrior is almost dead.
The orc warrior hits you with a battleaxe.
Something hits you.
You hit the orc warrior.
The orc warrior is almost dead.
The orc warrior is no longer blind.
You hear some strange, mumbled words.
Something tries to affect you, but you resist.
The orc warrior hits you with a battleaxe!!
* * * LOW HITPOINT WARNING * * *
Something hits you but does no damage.
Casting: Dazzling Spray
Confirm with . or Enter, or press ? or * to list all spells.
Aiming: Dazzling Spray
Press: ? - help, Shift-Dir - straight line, f/p - orc warrior
Aim: an orc warrior, wielding a battleaxe and wearing a chain mail (almost dead, lightly drained)
The spray of energy misses the orc warrior.
The orc warrior hits you with a battleaxe!
You die...

#...#............# #......#...
#...#............# #......#...
#...#............# #......#...
....#.....##'##### #......#...
....#.....+......+ #......#...
....#.....#......# #......#...
....#.....#.....## #......#...
....#.....######## .#......#...
....#...........@# {.#......#...
#####...........o# ...#......#'##
................)#....#..........
.....>...........'....#..........
.................#....#######....
.................#######....'....
.......................#....#....
#####...÷..............#....#....
....#..)...............#....#....


You could see an orc warrior.

Vanquished Creatures
  Prince Ribbit (D:6)
  Sigmund (D:4)
  Eustachio (D:4)
  A hungry ghost (D:8)
  Menkaure (D:5)
  An orc warrior (D:6)
  2 ice beasts
  A sky beast (D:6)
  A necrophage (D:8)
  3 phantoms
  4 ogres
  2 scorpions
  3 crimson imps
  2 centaur zombies
  4 hounds
  2 orc priests
  Crazy Yiuf (D:3)
  Ijyb (D:3)
  9 orc wizards
  5 worker ants
  2 killer bee zombies
  A hound zombie (D:5)
  2 hound skeletons
  A howler monkey skeleton (D:4)
  A worker ant zombie (D:8)
  4 gnolls (D:4)
  5 adders
  4 shadow imps
  4 oozes
  2 adder zombies (D:7)
  3 worms
  3 dart slugs (D:2)
  5 giant geckos
  30 orcs
  6 giant cockroaches
  9 hobgoblins
  25 jackals
  4 kobolds
  6 quokkas
  2 ball pythons
  A ball python skeleton (D:4)
  3 bats
  A giant gecko skeleton (D:6)
  7 giant newts
  6 goblins
  A jackal zombie (D:5)
  9 rats
193 creatures vanquished.

Notes
Turn   | Place    | Note
--------------------------------------------------------------
     0 | D:1      | Mesmaeker13 the Gargoyle Conjurer began the quest for the Orb.
     0 | D:1      | Reached XP level 1. HP: 10/10 MP: 3/3
   249 | D:1      | Reached XP level 2. HP: 15/15 MP: 1/5
   615 | D:1      | Reached skill level 5 in Conjurations
   615 | D:1      | Reached XP level 3. HP: 19/19 MP: 3/6
  1180 | D:2      | Found a faded altar to an unknown god.
  1433 | D:2      | Learned a level 2 spell: Searing Ray
  1542 | D:2      | Reached XP level 4. HP: 21/24 MP: 2/8
  1811 | D:2      | Found a shattered altar of Ashenzari.
  1811 | D:2      | Found a basalt altar of Yredelemnul.
  2162 | D:3      | Learned a level 3 spell: Dazzling Spray
  2421 | D:3      | Reached XP level 5. HP: 28/28 MP: 10/10
  2504 | D:3      | Noticed Ijyb
  2509 | D:3      | Killed Ijyb
  2509 | D:3      | Reached skill level 1 in Fighting
  2657 | D:3      | Found a sacrificial altar of Ru.
  2713 | D:3      | Found a stormy altar of Qazlal.
  2744 | D:3      | Found an oddly glowing altar of Pakellas.
  2863 | D:3      | Noticed Crazy Yiuf
  2866 | D:3      | Killed Crazy Yiuf
  2866 | D:3      | Reached XP level 6. HP: 35/35 MP: 8/11
  3009 | D:4      | Noticed Sigmund
  3016 | D:4      | Killed Sigmund
  3016 | D:4      | Reached skill level 6 in Conjurations
  3074 | D:4      | Found a glowing silver altar of Zin.
  3103 | D:4      | Noticed Eustachio
  3118 | D:4      | Killed Eustachio
  3118 | D:4      | Reached XP level 7. HP: 42/42 MP: 4/13
  3533 | D:4      | Found an opulent altar of Gozag.
  3661 | D:5      | Entered Level 5 of the Dungeon
  3694 | D:5      | Found a shimmering altar of Xom.
  3742 | D:5      | Reached skill level 5 in Spellcasting
  3773 | D:5      | Learned a level 1 spell: Sting
  3778 | D:5      | Learned a level 4 spell: Iskenderun's Mystic Blast
  3784 | D:5      | Reached skill level 7 in Conjurations
  3879 | D:5      | Reached XP level 8. HP: 41/48 MP: 6/15
  4067 | D:5      | Found a staircase to the Ecumenical Temple.
  4096 | D:5      | Reached skill level 5 in Fighting
  4110 | Temple   | Entered the Ecumenical Temple
  4277 | Temple   | Became a worshipper of Vehumet
  4385 | D:5      | Noticed Menkaure
  4415 | D:5      | Killed Menkaure
  4547 | D:5      | Reached skill level 8 in Conjurations
  4679 | D:5      | Learned a level 5 spell: Iskenderun's Battlesphere
  4848 | D:6      | Noticed Prince Ribbit
  4854 | D:6      | Killed Prince Ribbit
  4854 | D:6      | Reached skill level 1 in Charms
  4887 | D:6      | Found a shattered altar of Ashenzari.
  5122 | D:6      | Found a blossoming altar of Fedhas.
  5140 | D:6      | Reached XP level 9. HP: 51/55 MP: 15/18
  5148 | D:6      | Reached * piety under Vehumet
  5148 | D:6      | Offered knowledge of Flame Tongue by Vehumet.
  5881 | D:7      | Reached skill level 9 in Conjurations
  5937 | D:7      | Learned a level 3 spell: Mephitic Cloud
  6388 | D:8      | Found a snail-covered altar of Cheibriados.
  6500 | D:8      | Offered knowledge of Shock by Vehumet.
  6539 | D:8      | Reached ** piety under Vehumet
  6586 | D:8      | Found a staircase to the Lair.
  6879 | D:8      | Mangled by an orc warrior

Skill      XL: |  1  2  3  4  5  6  7  8  9 |
---------------+----------------------------+-----
Conjurations   | 5 6 7 8 9 |  9.6
Spellcasting   | 3 4 5 6 7 |  7.5
Fighting       | 2 3 4 6 |  6.1
Charms         | 1 4 |  4.1
Dodging        | |  1.5
Stealth        | |  2.1

Action                   |  1- 3 |  4- 6 |  7- 9 || total
-------------------------+-------+-------+-------++-------
Melee: Club              |    79 |    56 |       ||   135
       Mace              |       |    46 |       ||    46
       Quarterstaff      |       |     3 |   296 ||   299
 Cast: Magic Dart        |    63 |    51 |     8 ||   122
       Searing Ray       |     1 |     9 |    15 ||    25
       Dazzling Spray    |       |     1 |     6 ||     7
       Sting             |       |       |    28 ||    28
       Iskenderun's Myst |       |       |    16 ||    16
Evoke: Wand              |       |     9 |       ||     9
  Use: Scroll            |     1 |     2 |     5 ||     8
 Stab: Sleeping          |       |     1 |     5 ||     6
       Paralysed         |       |     1 |     5 ||     6
       Invisible         |       |       |     1 ||     1
  Eat: Chunk             |     3 |     5 |    18 ||    26
       Meat ration       |       |       |     1 ||     1
Armor: Robe              |    45 |    44 |   144 ||   233
Dodge: Dodged            |    73 |    82 |   228 ||   383
